3L
AUSTIN RANGERS @ ROCKY MOUNTAIN NUGGETS
05/31/2023
 
TOP OF THE 1ST
Austin Rangers batting - Pitching for Rocky Mountain Nuggets : RHP Reynaldo Ortíz
Pitching: RHP Reynaldo Ortíz
Batting: RHB Tony Hernández 0-0: Ball
1-0: Foul Ball, location: 2F
1-1: Foul Ball, location: 2F
1-2: Ball
2-2: SINGLE (Groundball, 23) (infield hit)
Batting: LHB Motoshige Kitamura 0-0: Ball
1-0: Called Strike
1-1: Called Strike
1-2: Strikes out looking
Batting: SHB Carlos Kramer 0-0: Ball
Tony Hernández is caught stealing 2nd base
1-0: Foul Ball, location: 2F
1-1: Ground out 6-3 (Groundball, 6M)
Top of the 1st over - 0 run(s), 1 hit(s), 0 error(s), 0 left on base; Austin 0 - Rocky Mountain 0
BOTTOM OF THE 1ST
Rocky Mountain Nuggets batting - Pitching for Austin Rangers : LHP Ernest Torres
Pitching: LHP Ernest Torres
Batting: RHB Mark Melton 0-0: Ball
1-0: Ball
2-0: Foul Ball, location: 2F
2-1: Swinging Strike
2-2: Ball
3-2: Fly out, F9 (Flyball, 89D)
Batting: RHB Mike Green 0-0: Ball
1-0: Ball
2-0: Ball
3-0: Called Strike
3-1: Ground out 1-3 (Groundball, 15S)
Batting: RHB David Verhoeve 0-0: Ball
1-0: Ball
2-0: Called Strike
2-1: Swinging Strike
2-2: Ball
3-2: Ground out 4-3 (Groundball, 13)
Bottom of the 1st over - 0 run(s), 0 hit(s), 0 error(s), 0 left on base; Austin 0 - Rocky Mountain 0
TOP OF THE 2ND
Austin Rangers batting - Pitching for Rocky Mountain Nuggets : RHP Reynaldo Ortíz
Batting: LHB Jesús Reyes 0-0: Ball
1-0: Ball
2-0: Ball
3-0: Base on Balls
Batting: RHB Pablo Trujillo 0-0: Foul Ball, location: 2F
0-1: Ball
1-1: Ball
2-1: Foul Ball, location: 2F
2-2: Ball
3-2: Foul Ball, location: 2F
3-2: SINGLE (Line Drive, 6MD)
Jesús Reyes to second
Batting: RHB Yuji Ine 0-0: Ball
1-0: Grounds into double play, U5-3 (Groundball, 5L)
Pablo Trujillo to second
Batting: SHB Juan Sánchez 0-0: Ball
1-0: Foul Ball, location: 2F
1-1: Foul Ball, location: 2F
1-2: Ball
2-2: SINGLE (Line Drive, 4MD)
Pablo Trujillo to third
Runner from 3rd tries for Home, SAFE, no throw or cutoff
Batting: RHB José Muńóz 0-0: Ball
1-0: Ball
2-0: Foul Ball, location: 2F
2-1: Ball
3-1: Base on Balls
Juan Sánchez to second
Batting: RHB Manny Freitas 0-0: Ball
1-0: Ball
2-0: Swinging Strike
2-1: Ball
3-1: Called Strike
3-2: Fly out, F9 (Flyball, 9LMF)
Top of the 2nd over - 1 run(s), 2 hit(s), 0 error(s), 2 left on base; Austin 1 - Rocky Mountain 0
BOTTOM OF THE 2ND
Rocky Mountain Nuggets batting - Pitching for Austin Rangers : LHP Ernest Torres
Batting: LHB Javier Sánchez 0-0: Ball
1-0: Ground out 6-3 (Groundball, 6)
Batting: RHB Juan Ávila 0-0: Ball
1-0: Fly out, F9 (Flyball, 89S)
Batting: RHB Paul Smith 0-0: Called Strike
0-1: Ball
1-1: Fly out, F7 (Flyball, 7D)
Bottom of the 2nd over - 0 run(s), 0 hit(s), 0 error(s), 0 left on base; Austin 1 - Rocky Mountain 0
TOP OF THE 3RD
Austin Rangers batting - Pitching for Rocky Mountain Nuggets : RHP Reynaldo Ortíz
Batting: RHB Tony Hernández 0-0: Ball
1-0: Ball
2-0: Swinging Strike
2-1: Foul Ball, location: 2F
2-2: Strikes out swinging
Batting: LHB Motoshige Kitamura 0-0: Called Strike
0-1: SINGLE (Line Drive, 89M)
Batting: SHB Carlos Kramer 0-0: Foul Ball, location: 2F
0-1: Foul Ball, location: 2F
0-2: Ball
1-2: Ball
2-2: Ball
3-2: Reached on Error, E7 (Flyball, 7M)
Motoshige Kitamura to second
Batting: LHB Jesús Reyes 0-0: Called Strike
0-1: Ball
1-1: Ball
Motoshige Kitamura steals 3rd base
Carlos Kramer to second
2-1: Ball
3-1: Foul Ball, location: 2F
3-2: Fly out, F9 (Flyball, 89M)
Runner from 3rd tags up, SCORES, throw made
Batting: RHB Pablo Trujillo 0-0: Called Strike
0-1: Ball
1-1: Ball
2-1: SINGLE (Line Drive, 78S)
Carlos Kramer to third
Runner from 3rd tries for Home, SAFE, no throw or cutoff
Batting: RHB Yuji Ine 0-0: Called Strike
Pablo Trujillo steals 2nd base
0-1: Ball
1-1: Ball
2-1: Ball
3-1: Called Strike
3-2: Strikes out looking
Top of the 3rd over - 2 run(s), 2 hit(s), 1 error(s), 1 left on base; Austin 3 - Rocky Mountain 0
BOTTOM OF THE 3RD
Rocky Mountain Nuggets batting - Pitching for Austin Rangers : LHP Ernest Torres
Batting: LHB Juan Ríos 0-0: Called Strike
0-1: Swinging Strike
0-2: Strikes out swinging
Batting: LHB Randy Bowen 0-0: Called Strike
0-1: Foul Ball, location: 2F
0-2: Strikes out looking
Batting: SHB Quan Ge 0-0: Foul Ball, location: 2F
0-1: Ground out 6-3 (Groundball, 56)
Bottom of the 3rd over - 0 run(s), 0 hit(s), 0 error(s), 0 left on base; Austin 3 - Rocky Mountain 0
TOP OF THE 4TH
Austin Rangers batting - Pitching for Rocky Mountain Nuggets : RHP Reynaldo Ortíz
Batting: SHB Juan Sánchez 0-0: Ball
1-0: SINGLE (Line Drive, 89S)
Batting: RHB José Muńóz 0-0: Called Strike
0-1: Called Strike
0-2: Strikes out looking
Batting: RHB Manny Freitas 0-0: Ball
1-0: Ball
2-0: Ball
3-0: Base on Balls
Juan Sánchez to second
Batting: RHB Tony Hernández 0-0: Ball
1-0: Called Strike
1-1: Foul Ball, location: 2F
1-2: Strikes out swinging
Batting: LHB Motoshige Kitamura 0-0: Called Strike
0-1: Foul Ball, location: 2F
0-2: Ball
1-2: Ball
2-2: Ball
3-2: Strikes out swinging
Top of the 4th over - 0 run(s), 1 hit(s), 0 error(s), 2 left on base; Austin 3 - Rocky Mountain 0
BOTTOM OF THE 4TH
Rocky Mountain Nuggets batting - Pitching for Austin Rangers : LHP Ernest Torres
Batting: RHB Mark Melton 0-0: Foul Ball, location: 2F
0-1: Ball
1-1: Foul Ball, location: 2F
1-2: Ground out 6-3 (Groundball, 6)
Batting: RHB Mike Green 0-0: Called Strike
0-1: Foul Ball, location: 2F
0-2: Foul Ball, location: 2F
0-2: Ground out U3 (Groundball, 3)
Batting: RHB David Verhoeve 0-0: Called Strike
0-1: Ball
1-1: Ball
2-1: Foul Ball, location: 2F
2-2: Ball
3-2: Strikes out swinging
Bottom of the 4th over - 0 run(s), 0 hit(s), 0 error(s), 0 left on base; Austin 3 - Rocky Mountain 0
TOP OF THE 5TH
Austin Rangers batting - Pitching for Rocky Mountain Nuggets : RHP Reynaldo Ortíz
Batting: SHB Carlos Kramer 0-0: Ball
1-0: Foul Ball, location: 2F
1-1: Ball
2-1: Ball
3-1: Base on Balls
Batting: LHB Jesús Reyes 0-0: Ball
1-0: Ball
2-0: Swinging Strike
2-1: Fly out, F8 (Flyball, 8RM)
Batting: RHB Pablo Trujillo 0-0: Ball
Carlos Kramer steals 2nd base
1-0: Called Strike
Carlos Kramer steals 3rd base
1-1: Ball
2-1: Ground out 5-3 (Groundball, 5)
Batting: RHB Yuji Ine 0-0: Ball
1-0: Swinging Strike
1-1: Called Strike
1-2: Ball
2-2: Strikes out swinging
Top of the 5th over - 0 run(s), 0 hit(s), 0 error(s), 1 left on base; Austin 3 - Rocky Mountain 0
BOTTOM OF THE 5TH
Rocky Mountain Nuggets batting - Pitching for Austin Rangers : LHP Ernest Torres
Batting: LHB Javier Sánchez 0-0: Ball
1-0: Ball
2-0: SINGLE (Line Drive, 4MD)
Batting: RHB Juan Ávila 0-0: Ball
1-0: Swinging Strike
1-1: Foul Ball, location: 2F
1-2: Strikes out swinging
Batting: RHB Paul Smith 0-0: Ball
1-0: Fly out, F7 (Line Drive, 7D)
Batting: LHB Juan Ríos 0-0: Fly out, F9 (Line Drive, 9LD)
Bottom of the 5th over - 0 run(s), 1 hit(s), 0 error(s), 1 left on base; Austin 3 - Rocky Mountain 0
TOP OF THE 6TH
Austin Rangers batting - Pitching for Rocky Mountain Nuggets : RHP Reynaldo Ortíz
Batting: SHB Juan Sánchez 0-0: Ball
1-0: Ground out 1-3 (Groundball, 13)
Batting: RHB José Muńóz 0-0: Ball
1-0: Ball
2-0: Ball
3-0: Called Strike
3-1: Base on Balls
Pitching: RHP Luis Miguel Rojas
Batting: RHB Manny Freitas 0-0: Called Strike
0-1: Ball
1-1: Ground out 6-3 (Groundball, 6S)
José Muńóz to second
Batting: RHB Tony Hernández 0-0: Ball
1-0: Called Strike
1-1: Ball
2-1: Foul Ball, location: 2F
2-2: TRIPLE (Line Drive, 9LS)
José Muńóz scores
Batting: LHB Motoshige Kitamura 0-0: Ball
1-0: Swinging Strike
1-1: Foul Ball, location: 2F
1-2: Ball
2-2: Foul Ball, location: 2F
2-2: Ball
3-2: Strikes out swinging
Top of the 6th over - 1 run(s), 1 hit(s), 0 error(s), 1 left on base; Austin 4 - Rocky Mountain 0
BOTTOM OF THE 6TH
Rocky Mountain Nuggets batting - Pitching for Austin Rangers : LHP Ernest Torres
Batting: LHB Randy Bowen 0-0: Ball
1-0: DOUBLE (Line Drive, 9LS)
Batting: SHB Quan Ge 0-0: Ball
1-0: Called Strike
1-1: Called Strike
1-2: Ground out 4-3 (Groundball, 4M)
Randy Bowen to third
Batting: RHB Mark Melton 0-0: Called Strike
0-1: Ball
1-1: Foul Ball, location: 2F
1-2: Ball
2-2: Ball
3-2: Fly out, F9 (Flyball, 9M)
Batting: RHB Mike Green 0-0: SINGLE (Groundball, 56)
Randy Bowen scores
Batting: RHB David Verhoeve 0-0: Called Strike
0-1: Ball
1-1: SINGLE (Line Drive, 8RS)
Mike Green to second
Batting: LHB Javier Sánchez 0-0: Fly out, F9 (Flyball, 9D)
Bottom of the 6th over - 1 run(s), 3 hit(s), 0 error(s), 2 left on base; Austin 4 - Rocky Mountain 1
TOP OF THE 7TH
Austin Rangers batting - Pitching for Rocky Mountain Nuggets : RHP Luis Miguel Rojas
Batting: SHB Carlos Kramer 0-0: Swinging Strike
0-1: Called Strike
0-2: Ball
1-2: Ball
2-2: Foul Ball, location: 2F
2-2: Ball
3-2: Foul Ball, location: 2F
3-2: Fly out, F8 (Flyball, 8RM)
Batting: LHB Jesús Reyes 0-0: Ball
1-0: Foul Ball, location: 2F
1-1: Ball
2-1: Ball
3-1: Swinging Strike
3-2: Base on Balls
Batting: RHB Pablo Trujillo 0-0: Ball
1-0: Called Strike
1-1: Called Strike
1-2: Foul Ball, location: 2F
1-2: Ball
2-2: Ball
3-2: Foul Ball, location: 2F
3-2: Base on Balls
Jesús Reyes to second
Batting: RHB Yuji Ine 0-0: Grounds into double play, 6-4-3 (Groundball, 6)
Top of the 7th over - 0 run(s), 0 hit(s), 0 error(s), 1 left on base; Austin 4 - Rocky Mountain 1
BOTTOM OF THE 7TH
Rocky Mountain Nuggets batting - Pitching for Austin Rangers : LHP Ernest Torres
Batting: RHB Juan Ávila 0-0: Ball
1-0: Called Strike
1-1: Foul Ball, location: 2F
1-2: Strikes out swinging
Batting: RHB Paul Smith 0-0: Ground out 6-3 (Groundball, 6)
Batting: LHB Juan Ríos 0-0: Foul Ball, location: 2F
0-1: Called Strike
0-2: Fly out, F7 (Line Drive, 7M)
Bottom of the 7th over - 0 run(s), 0 hit(s), 0 error(s), 0 left on base; Austin 4 - Rocky Mountain 1
TOP OF THE 8TH
Austin Rangers batting - Pitching for Rocky Mountain Nuggets : RHP Luis Miguel Rojas
Batting: SHB Juan Sánchez 0-0: Called Strike
0-1: Foul Ball, location: 2F
0-2: Strikes out swinging passed ball, reaches first!
Batting: RHB José Muńóz 0-0: Called Strike
0-1: Called Strike
0-2: Ball
1-2: Foul Ball, location: 2F
1-2: Foul Ball, location: 2F
1-2: Ball
2-2: Ball
3-2: Foul Ball, location: 2F
3-2: Base on Balls
Juan Sánchez to second
Batting: RHB Manny Freitas 0-0: Bunted foul
0-1: Bunted foul
0-2: Grounds into double play, 6-4-3 (Groundball, 6)
Juan Sánchez to third
Batting: RHB Tony Hernández 0-0: Foul Ball, location: 2F
0-1: Ball
1-1: Called Strike
1-2: Foul Ball, location: 2F
1-2: Foul Ball, location: 2F
1-2: Ball
2-2: Strikes out swinging
Top of the 8th over - 0 run(s), 0 hit(s), 0 error(s), 1 left on base; Austin 4 - Rocky Mountain 1
BOTTOM OF THE 8TH
Rocky Mountain Nuggets batting - Pitching for Austin Rangers : LHP Ernest Torres
Batting: LHB Randy Bowen 0-0: Ball
1-0: Fly out, F2 (Popup, 2LF)
Batting: SHB Quan Ge 0-0: Ball
1-0: DOUBLE (Line Drive, 56D)
Batting: RHB Mark Melton 0-0: Called Strike
0-1: Fly out, F7 (Flyball, 78D)
Batting: RHB Mike Green 0-0: Called Strike
0-1: Fly out, F4 (Popup, 4D)
Bottom of the 8th over - 0 run(s), 1 hit(s), 0 error(s), 1 left on base; Austin 4 - Rocky Mountain 1
TOP OF THE 9TH
Austin Rangers batting - Pitching for Rocky Mountain Nuggets : RHP Luis Miguel Rojas
Pitching: RHP Kenny Powers
Batting: LHB Motoshige Kitamura 0-0: Ball
1-0: Fly out, F8 (Flyball, 8RD)
Batting: SHB Carlos Kramer 0-0: Foul Ball, location: 2F
0-1: Foul Ball, location: 2F
0-2: Strikes out swinging
Batting: LHB Jesús Reyes 0-0: Swinging Strike
0-1: Ball
1-1: Called Strike
1-2: Foul Ball, location: 2F
1-2: Strikes out swinging
Top of the 9th over - 0 run(s), 0 hit(s), 0 error(s), 0 left on base; Austin 4 - Rocky Mountain 1
BOTTOM OF THE 9TH
Rocky Mountain Nuggets batting - Pitching for Austin Rangers : LHP Ernest Torres
Batting: RHB David Verhoeve 0-0: Ball
1-0: Swinging Strike
1-1: Called Strike
1-2: Ground out 6-3 (Groundball, 6M)
Batting: LHB Javier Sánchez 0-0: Ball
1-0: Swinging Strike
1-1: SINGLE (Line Drive, 6D)
Pitching: RHP Júlio Rodríguez
Batting: RHB Juan Ávila 0-0: Called Strike
0-1: Swinging Strike
0-2: Strikes out looking
Batting: RHB Paul Smith 0-0: Ball
1-0: Ball
2-0: Ball
3-0: Base on Balls
Javier Sánchez to second
Batting: LHB Juan Ríos 0-0: Ball
1-0: Ball
2-0: Called Strike
2-1: Ground out 4-3 (Groundball, 4)
Bottom of the 9th over - 0 run(s), 1 hit(s), 0 error(s), 2 left on base; Austin 4 - Rocky Mountain 1
This league is powered by Out of the Park Baseball, the baseball management simulation game for PC, Mac and Linux
Friday, July 8th, 2016 - OOTP Baseball 16.9 Build 39